 Dungeon Crawl Stone Soup version 0.32-a0-814-g0968bab981 (webtiles) character file.

Game seed: 15731857360005690050

302 smashvw the Shooter (level 6, -2/53 HPs)
             Began as a Minotaur Hunter on Mar 22, 2024.
             Slain by a rat (3 damage)
             ... summoned by Eustachio
             ... on level 4 of the Dungeon.
             The game lasted 00:04:54 (2996 turns).

smashvw the Shooter (Minotaur Hunter)               Turns: 2996, Time: 00:04:55

Health: -2/53      AC:  0    Str: 15    XL:     6   Next: 14%
Magic:  5/5        EV: 13    Int:  6    God:
Gold:   211        SH:  0    Dex: 16    Spells: 5/5 levels left

rFire   . . .        a - melded +0 shortbow
rCold   . . .        (shield currently unavailable)
rNeg    . . .        c - melded +0 leather armour
rPois   .            (helmet currently unavailable)
rElec   .            (cloak currently unavailable)
rCorr   .            p - melded +0 pair of gloves
SInv    .            (boots currently unavailable)
Will    .....        (no amulet)
Stlth   ++           l - melded ring of flight
HPRegen 0.28/turn    (ring currently unavailable)
MPRegen 0.09/turn

%: no passive effects
@: pig-form, very quick
A: fast, no casting, small, (horns 2), (retaliatory headbutt)
a: no special abilities


You were on level 4 of the Dungeon.
You were a filthy swine.
You visited 1 branch of the dungeon, and saw 4 of its levels.

You collected 211 gold pieces.

Inventory:

Hand Weapons
 a - a +0 shortbow (melded)
 s - the +6 mace "Haczadd" {venom, rF- rC+ rCorr SInv}
   (You found it on level 2 of the Dungeon)

   rF-:       It makes you vulnerable to fire.
   rC+:       It protects you from cold.
   SInv:      It lets you see invisible.
   rCorr:     It protects you from acid and corrosion.
Armour
 c - a +0 leather armour (melded)
 p - a +0 pair of gloves (melded)
 r - a +0 plate armour
Jewellery
 l - a ring of flight (melded)
Wands
 u - a wand of paralysis (26)
Scrolls
 b - a scroll of butterflies
 f - 3 scrolls of teleportation {unknown}
 g - 2 scrolls of fog {unknown}
 h - 2 scrolls of poison {unknown}
 i - 2 scrolls of identify {unknown}
 m - a scroll of noise {unknown}
 o - a scroll of amnesia {unknown}
 q - a scroll of revelation {unknown}
Potions
 d - 2 potions of curing {unknown}
 e - a potion of brilliance {unknown}
 j - a potion of mutation {unknown}
 k - 2 potions of lignification {unknown}
 n - 2 potions of cancellation {unknown}
 t - 2 potions of degeneration {unknown}
 v - a potion of attraction {unknown}


   Skills:
 + Level 4.3 Fighting
 * Level 6.6 Ranged Weapons
 + Level 3.4 Armour
 - Level 2.1 Dodging
 - Level 0.7 Stealth


You had 5 spell levels left.
You didn't know any spells.
Your spell library contained the following spells:

 Spells                   Type           Power      Damage    Failure   Level
 Static Discharge         Conj/Air       0%         3-3/arc   58%         2
 Airstrike                Air            0%         2d(0-16)  99%         4
 Summon Lightning Spire   Summ/Air       0%         N/A       99%         4


Dungeon Overview and Level Annotations

Branches:
Dungeon (4/15)
 Temple: D:4-7

Altars:
Cheibriados

Annotations:
D:4 Eustachio


Innate Abilities, Weirdness & Mutations

You are a filthy swine.
You move quickly.
Your equipment is almost entirely melded.
You are incapable of wielding weapons or throwing items.
You cannot cast spells.
((You have a pair of horns on your head.))
((You reflexively headbutt those who attack you in melee.))


Message History

The river rat twitches its whiskers.
The river rat bites you.
Eustachio mumbles some strange words.
Eustachio blinks!
You shoot an arrow. The arrow hits Eustachio.
Eustachio is almost dead.
The river rat bites you but does no damage.
Eustachio zaps a wand.
You turn into a filthy swine.
Your +0 shortbow melds into your body.
Your +0 pair of gloves melds into your body.
Your +0 leather armour melds into your body.
Your ring of flight melds into your body.
You float gracefully downwards.
The rat barely misses you. The river rat bites you.
You closely miss Eustachio.
Eustachio is almost dead.
Eustachio completely misses you. The rat bites you. Eustachio misses you.
You barely miss Eustachio.
Eustachio is almost dead.
The river rat barely misses you. Eustachio completely misses you.
The rat bites you.
You closely miss Eustachio.
Eustachio is almost dead.
Eustachio hits you with a +3 rapier of speed!
The river rat bites you!
A kobold comes into view. It is wielding a +0 dagger.
The ufetubus hits you. x2; The rat misses you.
Eustachio hits you with a +3 rapier of speed!
* * * LOW HITPOINT WARNING * * *
You are too injured to fight recklessly!
You are too injured to fight recklessly!
The kobold shouts!
You hit Eustachio but do no damage.
Eustachio is almost dead.
The ufetubus misses you. The ufetubus closely misses you.
The river rat barely misses you.
Eustachio hits you with a +3 rapier of speed!
* * * LOW HITPOINT WARNING * * *
The rat bites you.
You die...

#....# #.).K# #....#
#########....##
#....#..#.....#
#...#....#..5r#
#...#...##.rr#
#...#...##5@h########
#...#......5.##.....#
#####.###..##.........##
#..##.####'##...##....#
#......'...##...##....#
#......#....#...#.....#
#.)....#....#...#.....#
#..##.#######..###..###
##..##.##..###+####..##


You could see Eustachio, a river rat (summoned), a white imp (summoned), a
shadow imp (summoned), an ufetubus (summoned), a kobold and 2 rats.

Vanquished Creatures
  An ogre (D:4)
  A bombardier beetle (D:3)
  Terence (D:3)
  An orc wizard (D:3)
  3 adders
  A gnoll (D:1)
  A dart slug (D:2)
  4 ribbon worms
  8 orcs
  11 ball pythons
  5 endoplasms
  A giant cockroach (D:3)
  8 goblins
  5 hobgoblins
  5 jackals
  5 kobolds
  A quokka (D:1)
  8 bats
  3 frilled lizards
  7 rats
80 creatures vanquished.

Notes
Turn   | Place    | Note
-------+----------+-------------------------------------------
     0 | D:1      | smashvw the Minotaur Hunter began the quest for the Orb.
     0 | D:1      | Reached XP level 1. HP: 18/18 MP: 0/0
   130 | D:1      | Reached skill level 1 in Armour
   130 | D:1      | Reached XP level 2. HP: 25/25 MP: 1/1
   419 | D:1      | Reached skill level 5 in Ranged Weapons
   423 | D:1      | Reached XP level 3. HP: 25/31 MP: 2/2
   983 | D:2      | Identified the +6 mace "Haczadd" {venom, rF- rC+ rCorr
                  | SInv}
  1060 | D:2      | Found a snail-covered altar of Cheibriados.
  1585 | D:2      | Reached XP level 4. HP: 22/38 MP: 3/3
  2243 | D:3      | Reached XP level 5. HP: 46/46 MP: 4/4
  2305 | D:3      | Noticed Terence
  2314 | D:3      | Killed Terence
  2315 | D:3      | Reached skill level 6 in Ranged Weapons
  2910 | D:4      | Noticed an ogre
  2915 | D:4      | Killed an ogre
  2916 | D:4      | Reached XP level 6. HP: 53/53 MP: 5/5
  2980 | D:4      | Noticed Eustachio
  2996 | D:4      | HP: 1/53 [Eustachio/+3 rapier of speed (11)]
  2996 | D:4      | Slain by a rat

Illustrated notes

Levels and vault maps discovered:
D:1:      reono_arrival_forest_river, layout_basic, minmay_surrounded
D:2:      minmay_razor_zed, layout_loops_ring, basic_altar
D:3:      layout_loops_ring, uniq_terence
D:4:      layout_gridville, gammafunk_ghost_necromancy, minmay_small_thing,
          uniq_eustachio

Skill      XL: |  1  2  3  4  5 |
---------------+----------------+-----
Armour         | 1 2 3 |  3.4
Ranged Weapons | 5 6 |  6.6
Fighting       | 3 4 |  4.3
Dodging        | |  2.1
Stealth        | |  0.7

Action                     |  1- 3 |  4- 6 || total
---------------------------+-------+-------++-------
  Melee: Unarmed           |       |     4 ||     4
   Fire: Shortbow          |   115 |   129 ||   244
 Armour: Leather armour    |    27 |    44 ||    71
         Skin              |       |    10 ||    10
  Dodge: Dodged            |    26 |    58 ||    84

Table legend: (Time is in decaauts)
 A = Elapsed time spent in this place.
 B = Non-inter-level travel time spent in this place.
 C = Inter-level travel time spent in this place.
 D = Time resting spent in this place.
 E = Time spent auto-exploring this place.
 F = Levels seen in this place.
 G = Mean time per level.
                   A        B        C        D        E       F      G
               +--------+--------+--------+--------+--------+-----+--------+
         Total |   3036 |   2895 |    141 |      0 |   2452 |   4 |  759.0 |
       Dungeon |   3036 |   2895 |    141 |      0 |   2452 |   4 |  759.0 |
               +--------+--------+--------+--------+--------+-----+--------+

Top non-repeatable levels by time:
     D:2: 975 daAuts
     D:3: 931 daAuts
     D:1: 874 daAuts
     D:4: 255 daAuts
